Map: Blackpink LE

Players

Morning - Winner!

  • Race: Zerg Zerg
  • League: Bronze
  • Spawn Location: 7:00

LaFantome

  • Race: Zerg Zerg
  • League: Diamond
  • Spawn Location: 1:00

VOD

Have the link to the VOD?

Description

Time

  • Played on: Feb. 21, 2018, 5:26 p.m.
  • Length: 9:30
Show
View Real Time Build Order
Export as new Build Order

Morning Zerg - Winner!

Build Orders: Hatch First 

Get SALT Encoding   

  12  0:01  Drone  
  13  0:12  Overlord  
  13  0:18  Drone  
  14  0:31  Drone x2  
  14  0:34  Drone  
  17  0:45  Drone  
  18  0:57  Hatchery  
  17  0:58  Drone  
  17  1:00  Extractor  
  17  1:06  Drone  
  18  1:17  Drone  
  19  1:21  Spawning Pool  
  18  1:28  Drone  
  19  1:38  Drone  
  20  1:49  Drone  
  20  1:53  Evolution Chamber  
  20  2:00  Drone  
  21  2:08  Queen  
  21  2:10  Queen  
  21  2:11  Spine Crawler  
  21  2:12  Overlord  
  24  2:16  Drone  
  25  2:24  Zerg Ground Armor Level 1  
  25  2:27  Drone  
  26  2:30  Drone  
  26  2:33  Zergling x2  
  26  2:35  Drone  
  29  2:41  Drone  
  29  2:43  Drone  
  31  2:53  Drone  
  31  2:58  Drone  
  33  3:02  Overlord  
  33  3:05  Metabolic Boost  
  33  3:07  Drone  
  33  3:10  Queen  
  36  3:14  Overlord  
  36  3:22  Zergling x8  
  36  3:26  Drone x2  
  42  3:33  Drone x2  
  44  3:54  Hatchery  
  44  3:55  Drone x4  
  47  4:01  Drone x3  
  50  4:03  Extractor  
  50  4:06  Drone  
  50  4:12  Lair  
  50  4:15  Extractor  
  50  4:16  Extractor  
  50  4:17  Drone x3  
  50  4:18  Zerg Melee Weapons Level 1  
  50  4:20  Drone  
  50  4:21  Overlord  
  52  4:24  Overlord  
  52  4:34  Overlord  
  52  4:39  Zergling x2  
  52  4:40  Zergling x4  
  55  4:46  Zergling x6  
  55  4:52  Drone x2  
  60  5:02  Drone  
  60  5:04  Zergling x2  
  62  5:07  Zergling x2  
  62  5:13  Spire, Zergling x4  
  63  5:28  Zergling x6  
  65  5:33  Zergling x6  
  65  5:34  Zergling x6  
  66  5:37  Drone  
  66  5:40  Drone  
  68  5:48  Zergling x4  
  69  5:52  Extractor x2, Zergling x4  
  69  5:53  Zergling x4  
  71  6:01  Zergling x10  
  71  6:08  Zergling x6  
  71  6:12  Zerg Ground Armor Level 2  
  71  6:15  Zergling x6  
  67  6:27  Mutalisk  
  67  6:28  Mutalisk x4  
  77  6:38  Drone x3  
  77  6:39  Drone x2  
  81  6:41  Overlord  
  81  6:44  Overlord x2  
  81  6:49  Zerg Flyer Weapons Level 1  
  73  7:08  Mutalisk x6  
  73  7:12  Zergling x6  
  82  7:18  Mutalisk x2  
  82  7:21  Zergling x14  
  90  7:24  Overseer  
  90  7:31  Mutalisk x2, Spine Crawler  
  93  7:37  Zergling x2  
  93  7:43  Mutalisk  
  96  7:47  Zergling x8  
  96  7:48  Overlord  
  96  8:06  Mutalisk x3  
  96  8:07  Mutalisk  
  99  8:14  Mutalisk  
  99  8:21  Zergling x8  
  103  8:39  Mutalisk x2  
  104  8:43  Zergling x10  
  104  8:50  Drone x2  
  104  8:51  Drone  
  104  8:54  Mutalisk x2  
Show
View Real Time Build Order
Export as new Build Order

LaFantome Zerg 

Build Orders: Hatch First 

Get SALT Encoding   

  12  0:00  Drone  
  13  0:12  Overlord  
  13  0:17  Drone  
  14  0:31  Drone x2  
  14  0:35  Drone  
  17  0:55  Hatchery  
  17  0:56  Drone  
  17  0:59  Drone  
  18  1:11  Extractor  
  18  1:16  Spawning Pool  
  18  1:18  Drone  
  17  1:22  Drone  
  18  1:28  Drone  
  19  1:43  Overlord  
  19  1:56  Drone  
  20  2:02  Drone  
  20  2:06  Queen x2  
  20  2:07  Zergling x2  
  26  2:12  Metabolic Boost  
  26  2:15  Drone  
  27  2:23  Drone x2  
  29  2:30  Drone  
  30  2:37  Baneling Nest  
  30  2:38  Drone  
  30  2:48  Zergling x2  
  30  2:49  Zergling x2  
  32  2:55  Drone x2  
  33  3:04  Queen  
  35  3:06  Drone  
  36  3:14  Hatchery  
  36  3:17  Drone  
  36  3:19  Overlord  
  36  3:21  Baneling  
  36  3:22  Baneling  
  36  3:25  Overlord  
  36  3:26  Overlord  
  36  3:38  Drone x4  
  36  3:39  Drone x2  
  41  4:04  Zergling x2  
  41  4:05  Zergling x10  
  41  4:07  Extractor  
  41  4:08  Extractor  
  45  4:10  Roach Warren  
  45  4:12  Evolution Chamber  
  43  4:19  Drone  
  43  4:20  Drone  
  45  4:27  Drone x2  
  47  4:39  Drone  
  47  4:40  Drone x2  
  47  4:41  Drone  
  47  4:42  Drone x2  
  47  4:44  Lair  
  47  4:45  Drone  
  53  4:53  Zerg Missile Weapons Level 1  
  53  4:54  Overlord x2  
  53  4:55  Overlord  
  53  5:05  Overlord x2  
  53  5:06  Roach  
  59  5:07  Roach x4  
  59  5:09  Baneling  
  59  5:11  Baneling  
  56  5:40  Roach x4  
  56  5:41  Roach x5  
  70  5:48  Roach  
  70  5:49  Roach x2  
  72  5:50  Zergling x2  
  72  5:51  Zergling x10  
  72  5:56  Extractor  
  63  6:19  Drone x7  
  63  6:20  Drone  
  69  6:33  Baneling x2  
  69  6:39  Roach  
  71  6:40  Roach x7  
  85  6:47  Zerg Missile Weapons Level 2  
  85  6:55  Roach  
  85  6:56  Roach x4  
  94  7:07  Glial Reconstitution  
  84  7:21  Roach x4  
  84  7:22  Roach x2  
  96  7:28  Spore Crawler  
  96  7:29  Spore Crawler  
  94  7:33  Spore Crawler  
  94  7:34  Spore Crawler  
  94  7:35  Spore Crawler  
  91  7:37  Spore Crawler  
  91  7:41  Hydralisk Den  
  91  7:44  Hatchery  
  66  8:13  Grooved Spines  
  50  8:34  Hydralisk x3  
  50  8:35  Hydralisk  
  44  8:52  Hydralisk x4  
  49  8:56  Hydralisk  
  49  9:02  Hydralisk  
  53  9:05  Hydralisk  
Tags
 
Add a new tag
Caveats
  • Supply blocks, unpowered buildings, or Contaminate may cause inaccurate times.
  • Supply counts are checked every 10 seconds.